 Dungeon Crawl Stone Soup version 0.31-a0-1111-ga3525b893c (webtiles) character file.

Game seed: 5545129633305129679

146168 tilp the Unseen (level 16, -5/129 HPs)
             Began as a Vampire Enchanter on Dec 3, 2023.
             Was the Champion of Wu Jian.
             Slain by a pharaoh ant (29 damage)
             ... on level 3 of the Spider Nest.
             The game lasted 01:27:31 (36409 turns).

tilp the Unseen (Vampire Enchanter)                Turns: 36409, Time: 01:27:32

Health: -5/129     AC: 18    Str:  7    XL:     16   Next: 89%
Magic:  7/30       EV: 22    Int: 25    God:    Wu Jian [******]
Gold:   734        SH:  8    Dex: 15    Spells: 19/35 levels left

rFire   + . .        a - +7 dagger (freeze)
rCold   . . .        C - +3 warlock's mirror {omnireflect}
rNeg    . . .        h - +3 leather armour {rF+}
rPois   +            H - +2 hat
rElec   .            e - +2 cloak
rCorr   .            f - +2 pair of gloves
SInv    +            S - +2 pair of boots
Will    +....        K - amulet of magic regeneration
Stlth   ++++++       s - ring of poison resistance
HPRegen 0.61/turn    u - +5 ring of evasion
MPRegen 0.62/turn

%: reflection
@: about to teleport, healing quickly
A: alive, fangs 3, see invisible, vampiric 2
a: Exsanguinate, Renounce Religion, Wall Jump, Serpent's Lash, Heavenly Storm


You were on level 3 of the Spider Nest.
You worshipped Wu Jian.
Wu Jian was exalted by your worship.
You visited 5 branches of the dungeon, and saw 26 of its levels.
You also visited: Gauntlet, Ice Cave and Volcano.

You collected 3200 gold pieces.
You spent 2466 gold pieces at shops.

Inventory:

Hand Weapons
 a - a +7 dagger of freezing (weapon)
 b - a +3 dagger of flaming
 G - a +1 dagger of electrocution
Missiles
 k - 66 poisoned darts (quivered)
 l - 5 silver javelins
 v - 6 javelins
 A - 10 boomerangs
 M - 8 curare-tipped darts
Armour
 e - a +2 cloak (worn)
 f - a +2 pair of gloves (worn)
 h - a +3 leather armour of fire resistance (worn)
 C - the +3 warlock's mirror (worn) {omnireflect}
   (You acquired it on level 11 of the Dungeon)

   Omnireflect: It can block and reflect piercing ranged attacks and magical
   attacks against the wielder's willpower.
 H - a +2 hat (worn)
 O - a +0 pair of boots of flying
 S - a +2 pair of boots (worn)
Jewellery
 s - a ring of poison resistance (left hand)
 u - a +5 ring of evasion (right hand)
 D - a ring of protection from fire
 K - an amulet of magic regeneration (around neck)
 X - the ring "Sahacostrycs" {rElec rC+ MP+9}
   (You found it in a Gauntlet)

   [ring of protection from cold]

   rC+:       It protects you from cold.
   rElec:     It insulates you from electricity.
   MP+9:      It affects your magic capacity (+9).
 Z - a ring of willpower
Wands
 j - a wand of iceblast (26)
 F - a wand of flame (41)
 L - a wand of paralysis (7)
 U - a wand of digging (2)
 W - a wand of polymorph (7)
Scrolls
 o - 4 scrolls of torment
 t - 2 scrolls of revelation
 x - 4 scrolls of teleportation
 y - 7 scrolls of poison
 B - 2 scrolls of fog
 E - 2 scrolls of immolation
 N - 4 scrolls of identify
 P - a scroll of silence
 Q - a scroll of fear
 R - a scroll of vulnerability
 V - 3 scrolls of noise
Potions
 c - a potion of invisibility
 d - 2 potions of magic
 g - 9 potions of might
 i - 9 potions of curing
 m - 4 potions of heal wounds
 n - 6 potions of brilliance
 q - 4 potions of enlightenment
 r - 2 potions of berserk rage
 w - a potion of resistance
 z - 6 potions of ambrosia
 I - a potion of attraction
 J - 4 potions of haste
 T - 2 potions of lignification
Miscellaneous
 p - a sack of spiders (inert)
 Y - a phial of floods (inert)


   Skills:
 * Level 12.8 Fighting
 - Level 10.0 Short Blades
 + Level 7.3 Armour
 + Level 12.6 Dodging
 + Level 16.0 Stealth
 + Level 5.3 Shields
 * Level 10.1 Spellcasting
 + Level 4.9 Conjurations
 + Level 15.7 Hexes
 + Level 5.2 Summonings
 - Level 2.0 Ice Magic
 + Level 8.6 Evocations


You had 19 spell levels left.
You knew the following spells:

 Your Spells              Type           Power      Damage    Failure   Level
a - Ensorcelled Hibernat  Hex/Ice        100%       N/A       1%          2
b - Confusing Touch       Hex            74%        N/A       1%          3
c - Tukima's Dance        Hex            74%        N/A       1%          3
d - Dazzling Flash        Conj/Hex       100%       N/A       1%          3
e - Summon Mana Viper     Hex/Summ       60%        N/A       3%          5

Your spell library contained the following spells:

 Spells                   Type           Power      Damage    Failure   Level
 Magic Dart               Conj           100%       1d8       1%          1
 Call Imp                 Summ           78%        N/A       1%          2
 Kiss of Death            Conj/Necr      100%       2d13      3%          1
 Freeze                   Ice            88%        1d9       4%          1
 Dimensional Bullseye     Hex/Tloc       25%        N/A       4%          4
 Leda's Liquefaction      Hex/Erth       25%        N/A       4%          4
 Momentum Strike          Conj/Tloc      50%        3d9       5%          2
 Hailstorm                Conj/Ice       30%        3d8       8%          3
 Sting                    Tmut/Pois      48%        1d5       11%         1
 Frozen Ramparts          Ice            44%        1d7       14%         3
 Blink                    Tloc           24%        N/A       16%         2
 Cigotuvi's Dreadful Rot  Necr/Pois/Air  24%        N/A       16%         2
 Lesser Beckoning         Tloc           24%        N/A       16%         2
 Poisonous Vapours        Pois/Air       24%        N/A       16%         2
 Mephitic Cloud           Conj/Pois/Air  20%        N/A       16%         3
 Summon Ice Beast         Ice/Summ       30%        N/A       22%         4
 Ignite Poison            Fire/Tmut/Pois 12%        N/A       30%         3
 Vampiric Draining        Necr           12%        2d6       30%         3
 Brom's Barrelling Bould  Conj/Erth      25%        2d5       36%         4
 Iskenderun's Mystic Bla  Conj/Tloc      25%        2d7       36%         4
 Iskenderun's Battlesphe  Conj           37%        2d9       36%         5
 Summon Forest            Summ/Tloc      12%        N/A       67%         5
 Dispel Undead            Necr           12%        3d9       71%         4
 Manifold Assault         Tloc           12%        N/A       71%         4
 Olgreb's Toxic Radiance  Pois           12%        N/A       71%         4
 Fireball                 Conj/Fire      12%        3d7       71%         5
 Discord                  Hex            37%        N/A       71%         8
 Freezing Cloud           Conj/Ice/Air   12%        6-21      73%         5
 Summon Cactus Giant      Summ           19%        N/A       88%         6
 Lee's Rapid Deconstruct  Erth           6%         3d6*      96%         5
 Bombard                  Conj/Erth      12%        9d3       99%         6
 Conjure Ball Lightning   Conj/Air       12%        3x3d6     99%         6
 Death Channel            Necr           6%         N/A       100%        6
 Dispersal                Tloc           6%         N/A       100%        6
 Orb of Destruction       Conj           18%        9d8       100%        7
 Disjunction              Tloc           6%         N/A       100%        8
 Ignition                 Fire           6%         3d4       100%        8


Dungeon Overview and Level Annotations

Branches:
Dungeon (15/15)            Temple (1/1) D:5            Lair (5/5) D:8
  Swamp (0/4) Lair:2       Spider (3/4) Lair:2        Slime (0/5) Lair:5
    Orc (2/2) D:11            Elf (0/3) Orc:2        Vaults (0/5) D:14
 Depths (0/4) D:15          IceCv (visited)         Volcano (visited)
Gauntlet (visited)

Altars:
Ashenzari
Cheibriados
Dithmenos
Fedhas
Gozag
Hepliaklqana
Kikubaaqudgha
Makhleb
Nemelex Xobeh
Okawaru
Qazlal
Ru
Sif Muna
Trog
Uskayaw
Vehumet
Wu Jian
Xom
Yredelemnul
Jiyva

Shops:
D:1 (   D:2 [==!   D:3 *   D:5 *   D:10 [   D:11 (?*(?   Orc:2 ?(!

Annotations:
Lair:2 exclusion: oklob plant
Lair:3 2 transporters, Dirtsage's ghost, journeyman OpSh
Lair:5 exclusion: obsidian statue
Orc:1 dancing +6 double sword in vault


Innate Abilities, Weirdness & Mutations

Your natural rate of healing is accelerated.
You have razor-sharp teeth.
You have supernaturally acute eyesight. (SInv)
You are afflicted with vampirism and can become a bat while bloodless.


Message History

The demonic crawler closely misses you.
Unknown command.
Unknown command.
Unknown command.
You hit the tarantella. You freeze the tarantella.
The tarantella is moderately wounded.
The redback bites you but does no damage.
The jumping spider misses the tarantella.
The jumping spider bites the tarantella but does no damage.
The tarantella barely misses you.
Unknown command.
Casting: Ensorcelled Hibernation (safe; 1% risk of failure)
Confirm with . or Enter, or press ? or * to list all spells.
Aiming: Ensorcelled Hibernation (safe; 1% risk of failure)
Press: ? - help, Shift-Dir - straight line, f - tarantella, p - jumping spider
Aim: a tarantella (moderately wounded, chance to affect: 71%)
The tarantella looks drowsy...
Your surroundings suddenly seem different.
A demonic crawler, an entropy weaver and a redback come into view.
Found a potion of degeneration and a ring mail.
Found a stone staircase leading up.
The Council accepts your kill.
You feel a bit more experienced.
Unknown command.
Unknown command.
A tarantella comes into view.
The pharaoh ant gives a chilling moan.
You hear a faint skittering sound.
The demonic crawler gives a hideous shriek!
The tarantella moves out of view.
An orb spider comes into view.
The tarantella's many legs skitter faintly.
An orb spider comes into view.
A redback comes into view.
The pharaoh ant bites you but does no damage.
The pharaoh ant attacks as it pursues you!
The pharaoh ant bites you!
* * * LOW HITPOINT WARNING * * *
As you read the scroll of teleportation, it crumbles to dust.
You feel strangely unstable. You block the pharaoh ant's attack.
Found 3 stones.
The pharaoh ant bites you!!
You die...

.#.##..#... ..#.....#.# ..
#s.[#....^. w.# #.^........
.#^. ..^ #..s...... ^.^.#
....##....^..# .#...###
..#....^#.# $...#...
#......!.#### ........
.......B.ssB@.# ........
.s.#.#..........^...
........ ..
#..#...........#. ...#.... .
.^.#.#......#....s.^#......
.....#...#.#^........#.#....
<.........#...........^#...#
#.....#^.. .^.....(...#.....
#.......# ..#....#..^.^#...
###....†


You could see an entropy weaver, a demonic crawler, a pharaoh ant, a tarantella
and a redback (wandering).

Vanquished Creatures
  A lich (IceCv)
  Gastronok (Lair:3)
  Agnes (D:15)
  2 emperor scorpions
  Louise (Spider:3)
  2 ghost moths
  A minotaur (Gauntlet)
  Azrael (D:12)
  A dire elephant (Lair:5)
  2 caustic shrike simulacra (IceCv)
  A vault guard (D:14)
  A great orb of eyes (Gauntlet)
  An ice dragon (D:14)
  3 hydras
  A ghost crab (Lair:2)
  6 boulder beetles
  A radroach (Spider:3)
  A catoblepas (D:14)
  A rakshasa (D:14)
  A centaur warrior (D:15)
  3 two-headed ogres
  7 death yaks
  7 demonic crawlers
  4 tengu warriors
  2 orc high priests (Orc:2)
  A hell knight (D:15)
  An occultist (D:15)
  A skyshark (Lair:2)
  A sun moth (Spider:2)
  4 pharaoh ants
  A skeletal warrior (D:14)
  A spectral anaconda (Lair:5)
  3 bog bodies (IceCv)
  2 orb spiders
  2 spriggan simulacra (IceCv)
  3 steelbarb worms
  An orc knight (Orc:1)
  5 necromancers
  4 orc sorcerers (Orc:2)
  A deep elf zephyrmancer (D:9)
  2 lindwurms (Volcano)
  5 deep elf pyromancers
  6 wolf spiders
  3 manticores
  3 cyclopes
  21 ugly things
  Joseph (D:7)
  A black mamba (Lair:2)
  16 elephants (Lair:5)
  2 molten gargoyles (Volcano)
  6 gargoyles
  12 cane toads
  5 torpor snails
  2 kobold demonologists (D:11)
  23 rime drakes
  3 efreet
  10 komodo dragons
  2 anaconda simulacra (IceCv)
  A golden dragon simulacrum (IceCv)
  19 freezing wraiths (IceCv)
  A queen bee (Lair:3)
  A tengu conjurer (D:13)
  7 trolls
  A meliai (shapeshifter) (D:13)
  7 tarantellas
  8 polar bears
  4 alligator simulacra (IceCv)
  Grinder (D:3)
  16 blink frogs
  A dream sheep (shapeshifter) (D:15)
  A spectral dream sheep (Lair:2)
  22 jumping spiders
  2 shadows
  12 culicivoras
  11 slime creatures
  A spectral komodo dragon (Lair:2)
  2 wraiths (D:12)
  3 vampires
  Grum (D:11)
  3 dire elephant simulacra
  2 basilisks (Lair:3)
  A human (D:9)
  7 wyverns
  62 yaks
  A death yak simulacrum (Lair:5)
  An unseen horror simulacrum (D:10)
  4 hogs (D:9)
  8 fire elementals
  3 minotaur simulacra (IceCv)
  20 redbacks
  11 vampire mosquitoes
  8 steam dragons
  2 harpy simulacra (IceCv)
  2 hydra simulacra (IceCv)
  10 water moccasins
  2 acid dragons
  4 hell hounds
  A spectral yak (Lair:2)
  A spectral polar bear (Lair:2)
  A spectral torpor snail (Lair:2)
  2 ice beasts
  26 orc warriors
  2 swamp drakes
  An ettin simulacrum (IceCv)
  3 sky beasts
  4 ogres (Orc:2)
  14 wolves
  7 centaurs
  14 kobold brigands
  A phantom (D:6)
  2 spectral wyverns (Lair:2)
  9 bullfrogs
  3 earth elementals (Volcano)
  A spectral water moccasin (Lair:2)
  3 gnoll sergeants
  A scorpion (D:7)
  A deep troll simulacrum (IceCv)
  3 wights
  30 killer bees
  3 lindwurm simulacra (IceCv)
  3 electric eels (D:10)
  A crimson imp (D:9)
  2 hounds
  An iron imp (D:9)
  32 orc priests
  A gnoll bouda (D:7)
  Terence (D:3)
  4 iguanas
  47 orc wizards
  4 hell rats (Lair:3)
  2 centaur simulacra (D:10)
  A gnoll (shapeshifter) (D:14)
  10 gnolls
  10 adders
  6 shadow imps
  9 white imps
  2 ufetubi (D:10)
  2 dart slugs
  103 orcs
  11 endoplasms
  3 giant cockroaches
  11 goblins
  5 hobgoblins
  5 jackals
  38 kobolds
  4 quokkas
  8 ball pythons
  6 bats
  4 frilled lizards
  8 kobold skeletons (D:11)
  10 kobold zombies (D:11)
  5 rats
972 creatures vanquished.

Vanquished Creatures (collateral kills)
  A dire elephant (Lair:5)
  An orb spider (Spider:3)
  A necromancer (Lair:5)
  2 spectral elephants (Lair:5)
  A redback (Spider:3)
  2 spectral cane toads (Lair:5)
  4 wights
  A lindwurm simulacrum (IceCv)
  6 gnolls
  An orc (D:8)
20 creatures vanquished.

Vanquished Creatures (others)
  4 dancing weapons
  A redback (Spider:3)
  An orc priest (Orc:2)
  An orc wizard (Orc:2)
  2 white imps (D:10)
  2 orcs
  A butterfly (D:10)
12 creatures vanquished.

Grand Total: 1004 creatures vanquished

Notes
Turn   | Place    | Note
-------+----------+-------------------------------------------
     0 | D:1      | tilp the Vampire Enchanter began the quest for the Orb.
     0 | D:1      | Reached XP level 1. HP: 13/13 MP: 3/3
   120 | D:1      | Reached XP level 2. HP: 18/20 MP: 5/5
   143 | D:1      | Learned a level 2 spell: Ensorcelled Hibernation
   231 | D:1      | Reached skill level 1 in Fighting
   532 | D:1      | Found a faded altar of an unknown god.
   756 | D:1      | Found Zagud's Antique Weapon Boutique.
  1001 | D:2      | Gained mutation: You are afflicted with vampirism and can
                  | become a bat while bloodless. [Vampire growth]
  1001 | D:2      | Reached XP level 3. HP: 26/26 MP: 6/6
  1005 | D:2      | Learned a level 3 spell: Confusing Touch
  1048 | D:2      | Found Jomuiwin's Armour Boutique.
  1056 | D:2      | Bought a +0 pair of gloves for 45 gold pieces
  1110 | D:2      | Found Yshrusa's Jewellery Emporium.
  1121 | D:2      | Found Xaaf Sif's Jewellery Shop.
  1414 | D:2      | Found Soorergh's Distillery.
  1417 | D:2      | Bought a potion of curing for 36 gold pieces
  1617 | D:2      | Reached XP level 4. HP: 30/32 MP: 4/7
  1737 | D:3      | Reached skill level 5 in Stealth
  1804 | D:3      | Reached skill level 5 in Hexes
  2064 | D:2      | Bought a potion of heal wounds for 60 gold pieces
  2254 | D:3      | Reached XP level 5. HP: 38/38 MP: 8/8
  2351 | D:3      | Found Zin's Purification Station.
  2391 | D:3      | Noticed Terence
  2397 | D:3      | Killed Terence
  2450 | D:3      | Noticed Grinder
  2464 | D:3      | Killed Grinder
  2465 | D:3      | Reached skill level 1 in Evocations
  2465 | D:3      | Reached XP level 6. HP: 6/46 MP: 5/10
  3298 | D:4      | Reached XP level 7. HP: 52/52 MP: 11/11
  3649 | D:4      | Reached skill level 6 in Stealth
  3786 | D:4      | Learned a level 3 spell: Tukima's Dance
  3790 | D:4      | Learned a level 3 spell: Dazzling Flash
  4115 | D:1      | Bought a runed dagger for 90 gold pieces
  4246 | D:5      | Entered Level 5 of the Dungeon
  4318 | D:5      | Found a staircase to the Ecumenical Temple.
  4329 | Temple   | Entered the Ecumenical Temple
  4349 | Temple   | Became a worshipper of the Wu Jian Council
  4575 | D:5      | Noticed a yak
  4575 | D:5      | Noticed a yak
  4576 | D:5      | Noticed a yak
  4576 | D:5      | Noticed a yak
  4576 | D:5      | Noticed a yak
  4593 | D:4      | Killed a yak
  4594 | D:4      | Reached skill level 1 in Conjurations
  4594 | D:4      | Reached XP level 8. HP: 50/60 MP: 2/12
  4750 | D:5      | Reached skill level 5 in Short Blades
  4847 | D:5      | Found Viudi's Assorted Antiques.
  4850 | D:5      | Bought a scroll of identify for 56 gold pieces
  4850 | D:5      | Bought a scroll labelled EROB FYUHUGAF for 28 gold pieces
  4896 | D:5      | Found a burning altar of Makhleb.
  5327 | D:6      | Found a basalt altar of Yredelemnul.
  5332 | D:6      | Reached * piety under Wu Jian
  5427 | D:6      | Reached skill level 7 in Stealth
  5798 | D:6      | Reached skill level 1 in Ice Magic
  5843 | D:6      | Identified the +0 leather armour of Leaves {rCorr Int+3}
  5888 | D:6      | Found a broken altar of Ashenzari.
  5943 | D:6      | Found a snail-covered altar of Cheibriados.
  6282 | D:6      | Reached XP level 9. HP: 67/67 MP: 10/15
  6570 | D:7      | Reached skill level 5 in Fighting
  6594 | D:7      | Noticed Joseph
  6871 | D:7      | Killed Joseph
  6872 | D:7      | Reached skill level 1 in Armour
  6872 | D:7      | Reached skill level 8 in Stealth
  6936 | D:7      | Reached ** piety under Wu Jian
  8117 | D:8      | Found a staircase to the Lair.
  8327 | D:9      | Reached XP level 10. HP: 76/76 MP: 17/17
  8415 | D:9      | Reached skill level 9 in Stealth
  8417 | D:9      | Reached skill level 5 in Spellcasting
  8587 | D:9      | Reached *** piety under Wu Jian
  8758 | D:9      | Noticed a deep elf zephyrmancer
  8760 | D:9      | Killed a deep elf zephyrmancer
  8761 | D:9      | Reached skill level 10 in Stealth
  8777 | D:9      | Noticed a deep elf pyromancer
  8779 | D:9      | Killed a deep elf pyromancer
  8858 | D:9      | Reached skill level 10 in Short Blades
  9040 | D:9      | Noticed a two-headed ogre
  9042 | D:9      | Killed a two-headed ogre
  9535 | D:10     | Entered Level 10 of the Dungeon
  9540 | D:10     | Noticed a two-headed ogre
  9554 | D:10     | Reached **** piety under Wu Jian
  9557 | D:10     | Killed a two-headed ogre
  9659 | D:10     | Noticed a gargoyle
  9665 | D:10     | Reached XP level 11. HP: 83/83 MP: 15/18
 10277 | D:10     | Reached skill level 5 in Dodging
 10726 | D:10     | Identified the +8 whip of Incongruity {flame, rC+}
 10937 | D:10     | Noticed a death yak
 10993 | D:9      | Killed a death yak
 11119 | D:10     | Found a sacrificial altar of Ru.
 11172 | D:10     | Found Irghudd's Antique Armour Shop.
 11175 | D:10     | Bought a pair of embroidered boots for 240 gold pieces
 11299 | D:10     | Found a stormy altar of Qazlal.
 11317 | D:11     | Noticed a deep elf pyromancer
 11327 | D:10     | Reached ***** piety under Wu Jian
 11370 | D:11     | Killed a deep elf pyromancer
 11602 | D:11     | Found Fudal's General Store.
 11647 | D:11     | Reached skill level 11 in Stealth
 11647 | D:11     | Reached skill level 10 in Hexes
 11727 | D:11     | Found Teh Goihi's Antique Weapon Boutique.
 11734 | D:11     | Identified the +0 leather armour of the Cuttlefish {Int+4}
 11740 | D:11     | Noticed Grum
 11753 | D:11     | Killed Grum
 11985 | D:11     | Found Bilujuc's Magic Scroll Shop.
 12184 | D:11     | Noticed a two-headed ogre
 12199 | D:11     | Killed a two-headed ogre
 12252 | D:11     | Found a staircase to the Orcish Mines.
 12299 | D:11     | Found Bulu's Antique Weapon Shoppe.
 12427 | D:11     | Reached XP level 12. HP: 47/91 MP: 17/20
 12709 | D:11     | Found an ancient bone altar of Kikubaaqudgha.
 12778 | D:11     | Found Xiliatz's Magic Scroll Shoppe.
 12781 | D:11     | Bought a scroll of blinking for 135 gold pieces
 12781 | D:11     | Bought a scroll of enchant weapon for 135 gold pieces
 12781 | D:11     | Bought a scroll of noise for 18 gold pieces
 12971 | Lair:1   | Entered Level 1 of the Lair of Beasts
 13390 | Lair:1   | You fall into a shaft and drop 1 floor!
 13479 | Lair:2   | Reached ****** piety under Wu Jian
 14110 | Lair:2   | Found a hole to the Spider Nest.
 14170 | Lair:2   | Reached skill level 5 in Armour
 14193 | Lair:2   | Reached skill level 12 in Stealth
 14314 | Lair:2   | Found a shimmering altar of Xom.
 15905 | Lair:2   | Found a staircase to the Swamp.
 15905 | Lair:2   | Noticed a ghost crab
 16275 | Lair:2   | Killed a ghost crab
 16276 | Lair:2   | Reached XP level 13. HP: 92/101 MP: 23/23
 16390 | Lair:3   | Found a dark tunnel.
 16406 | Volcano  | Entered a volcano
 16981 | Lair:3   | Reached skill level 10 in Fighting
 17305 | Lair:3   | Found a transporter.
 17316 | Lair:3   | Found a transporter.
 17316 | Lair:3   | Noticed Dirtsage's ghost (journeyman OpSh)
 17622 | Lair:3   | Noticed Gastronok
 17750 | Lair:3   | Killed Gastronok
 18552 | Lair:3   | Reached skill level 13 in Stealth
 18734 | Lair:3   | Reached skill level 5 in Evocations
 18974 | Lair:4   | Reached XP level 14. HP: 103/111 MP: 20/25
 19697 | D:11     | Bought a scroll of acquirement for 936 gold pieces
 19697 | D:11     | Acquired the +3 warlock's mirror {omnireflect}
 19697 | D:11     | Found the +3 warlock's mirror {omnireflect}
 20580 | Lair:5   | Entered Level 5 of the Lair of Beasts
 20594 | Lair:5   | Found a viscous altar of Jiyva.
 20594 | Lair:5   | Found a staircase to the Slime Pits.
 20601 | Lair:5   | Found a gate leading to a gauntlet.
 20610 | Gauntlet | Entered a Gauntlet
 20610 | Gauntlet | Found a transporter.
 20657 | Gauntlet | Noticed a quicksilver ooze
 20658 | Gauntlet | Found a transporter.
 20678 | Gauntlet | Found a transporter.
 20682 | Gauntlet | Found a transporter.
 20698 | Gauntlet | Found a transporter.
 20711 | Gauntlet | Found a transporter.
 20724 | Gauntlet | Found a transporter.
 20744 | Gauntlet | Found a transporter.
 20748 | Gauntlet | Found a transporter.
 20757 | Gauntlet | Found a transporter.
 20787 | Gauntlet | Found a transporter.
 20787 | Gauntlet | Found a transporter.
 20933 | Gauntlet | Identified the ring "Sahacostrycs" {rElec rC+ MP+9}
 20979 | Gauntlet | Reached skill level 10 in Dodging
 20991 | Gauntlet | Identified the +0 hat of a ziggurat {rN++ Int+3}
 21062 | Gauntlet | Identified the +0 pair of gloves of Idealism {Int+2 Dex+5}
 21062 | Gauntlet | Identified the +1 ring mail of the Tundras {Int+3}
 21062 | Gauntlet | Identified the +3 war axe "Odac Heto" {drain, rC+ Stlth+}
 21164 | Lair:5   | Reached skill level 1 in Shields
 21183 | Lair:5   | Found a hide-covered altar of Uskayaw.
 22066 | Lair:5   | Found a viscous altar of Jiyva.
 22067 | Lair:5   | Found a staircase to the Slime Pits.
 22192 | Lair:5   | Found a hide-covered altar of Uskayaw.
 23018 | Lair:5   | Found a hide-covered altar of Uskayaw.
 23117 | Lair:5   | Found a viscous altar of Jiyva.
 23118 | Lair:5   | Found a staircase to the Slime Pits.
 23621 | Orc:1    | Entered Level 1 of the Orcish Mines
 24024 | Orc:2    | Entered Level 2 of the Orcish Mines
 24470 | Orc:2    | Found a staircase to the Elven Halls.
 24674 | Orc:2    | Reached skill level 14 in Stealth
 25288 | Orc:2    | Found Uroheb's Magic Scroll Shop.
 25288 | Orc:2    | Found Xeoh's Distillery.
 25288 | Orc:2    | Found Wygitorr's Armour Boutique.
 25348 | Orc:2    | Found Taamidd's Weapon Shop.
 25528 | Orc:2    | Bought a scroll of enchant armour for 127 gold pieces
 25639 | D:11     | Bought a sack of spiders for 560 gold pieces
 25803 | D:12     | Noticed Azrael
 25818 | D:12     | Killed Azrael
 26096 | D:12     | Reached XP level 15. HP: 117/120 MP: 19/27
 26201 | D:12     | Identified the +11 dagger of Resourcefulness {heavy, rElec
                  | Dex+3}
 26929 | D:13     | Identified the +7 falchion "Biukkoluhuk" {flame, rN+ Will++
                  | Str-4 Stlth+}
 27112 | D:14     | Found an ornate altar of the Wu Jian Council.
 27628 | D:14     | Identified the +10 war axe of Vuadahuo {heavy, rF++ rC-
                  | Int+8}
 27717 | D:14     | Learned a level 5 spell: Summon Mana Viper
 27900 | D:14     | Found a gate to the Vaults.
 27987 | D:15     | Entered Level 15 of the Dungeon
 27999 | D:15     | Reached skill level 1 in Summonings
 28062 | D:15     | Reached skill level 15 in Stealth
 28108 | D:15     | Noticed Agnes
 28111 | D:15     | Killed Agnes
 28222 | D:15     | Reached skill level 15 in Hexes
 28354 | D:15     | Identified the +8 short sword of Umysch {spect, rPois Int+2
                  | Dex+3 SInv}
 28559 | D:15     | Found a staircase to the Depths.
 30383 | Spider:1 | Entered Level 1 of the Spider Nest
 30402 | Spider:1 | Reached XP level 16. HP: 127/127 MP: 29/29
 30889 | Spider:1 | Found a frozen archway.
 30916 | IceCv    | Entered an ice cave
 30935 | IceCv    | HP: 5/127 [dire elephant simulacrum (31)]
 32141 | IceCv    | Found an ancient bone altar of Kikubaaqudgha.
 33621 | IceCv    | Noticed a lich
 33661 | IceCv    | Killed a lich
 34069 | IceCv    | Got the Spellbook of Glaciation and Sciomancy
 34369 | Spider:1 | Reached skill level 5 in Shields
 34560 | Lair:2   | HP: 6/121 [demonic crawler (10)]
 35174 | Spider:2 | Reached skill level 5 in Summonings
 35348 | Spider:2 | Reached skill level 10 in Spellcasting
 35356 | Spider:2 | Identified the +3 lajatang of Zuvvovixer {antimagic, rF+
                  | Dex+2}
 35676 | Spider:2 | You fall into a shaft and drop 1 floor!
 36148 | Spider:3 | Reached skill level 16 in Stealth
 36310 | Spider:3 | Noticed Louise
 36396 | Spider:3 | Killed Louise
 36409 | Spider:3 | Slain by a pharaoh ant

Illustrated notes

Levels and vault maps discovered:
D:1:      amcnicky_arrival_double_pillar, layout_loops_ring, serial_shops, shop,
          dreamdust_ecumenical_altar_grove, minmay_vboxes
D:2:      layout_basic, serial_shops, shop, shop, shop, shop, chequers_garden,
          minmay_octomino_e4
D:3:      layout_loops_ring, zin_purify, kennysheep_minor_cross, uniq_terence,
          uniq_grinder
D:4:      layout_basic, guppyfry_early_orc_mine
D:5:      layout_gridville, makhleb_grotto_becter,
          minmay_temple_entry_proselytizer, serial_shops, kennysheep_mini_moat,
          corexii_leaking_fountain
D:6:      layout_basic, mainiacjoe_overflow_alcove_4, kennysheep_slug_shrine,
          nicolae_overflow_hidden_temple, kennysheep_small_square
D:7:      layout_gridville, uniq_joseph
D:8:      layout_basic, lair_entry_dummy, serial_corexii_hall,
          chequers_hall_statues_corner_a, chequers_hall_statues_wall_a
D:9:      layout_loops_corners, mrwooster_statue_mirror, grunt_livestock,
          hangedman_minor_magic
D:10:     layout_big_octagon, hangedman_ru_absence,
          nicolae_elyvilon_peaceful_grove, nicolae_qazlal_eye_of_the_storm,
          serial_ice, serial_ice_f, serial_ice_i, serial_ice_g, serial_ice_h,
          serial_ice_n, serial_ice_b, serial_ice_c, serial_ice_o, serial_shops,
          kennysheep_mini
D:11:     wander_kiku_kobolds, layout_long_grid, david_orc_4, serial_shops,
          shop_fountains, shop, nicolae_shop_dealshenge, nicolae_lakefront_shop,
          nicolae_shop_rolled_up, uniq_grum
D:12:     layout_gridville, uniq_azrael
D:13:     layout_roguey, minmay_fractal_squares_gapless_5
D:14:     layout_loops_ring, david_vaults_5, nicolae_tricolors,
          nicolae_wu_jian_wuxing_cycle
D:15:     hangedman_depths_entry_civil_slaughter, layout_rooms, uniq_agnes
Temple:   jpeg_temple_clearing
Lair:1:   layout_cave_pods
Lair:2:   wad_woods_structure_01, layout_regular_city,
          nicolae_swamp_entry_spooky, nicolae_spider_entry_tight_spaces,
          chequers_serial_rivers_room_a, grunt_forest_small_clearings,
          lemuel_oklob_altar
Lair:3:   regret_index_bee_streams, layout_regular_city, gammafunk_ghost_arena,
          enter_volcano_4, bobbens_dragon_lair_wall, uniq_gastronok
Lair:4:   layout_layer_cave, serial_bayou_pond_e, guppyfry_lair_drakes,
          serial_bayou_shore_b
Lair:5:   due_jungle_book, layout_gridlike, slime_entry_1,
          gauntlet_entry_generic, basic_altar
Spider:1: layout_spider_delve, portal_ice_cave_entry_pillars_1
Spider:2: layout_spider_delve
Spider:3: layout_spider_delve, nicolae_spider_nook, uniq_louise
Orc:1:    layout_caves, sword_in_stone
Orc:2:    st_orc_mages, layout_caves

Skill      XL: |  1  2  3  4  5  6  7  8  9 10 11 12 13 14 15 16 |
---------------+-------------------------------------------------+-----
Fighting       | 1 2 3 4 6 7 9 10 11 12 | 12.8
Short Blades   | 2 3 4 6 7 10 | 10.0
Stealth        | 5 6 7 8 10 11 12 13 14 15 16 | 16.0
Hexes          | 5 6 7 8 10 12 13 15 | 15.7
Dodging        | 3 4 6 8 9 11 12 | 12.6
Evocations     | 1 2 3 4 5 6 8 |  8.6
Spellcasting   | 3 4 5 7 8 9 10 | 10.1
Conjurations   | 1 2 4 |  4.9
Ice Magic      | 1 2 |  2.0
Armour         | 3 4 5 6 7 |  7.3
Shields        | 3 4 5 |  5.3
Summonings     | 4 5 |  5.2

Action                     |  1- 3 |  4- 6 |  7- 9 | 10-12 | 13-15 | 16-18 || total
---------------------------+-------+-------+-------+-------+-------+-------++-------
  Melee: Dagger            |   146 |    95 |   332 |   967 |  1530 |   605 ||  3675
         Bite              |    15 |     9 |    35 |   156 |   245 |   112 ||   572
         Punch             |     1 |       |     3 |    20 |     7 |       ||    31
  Throw: Dart              |       |     1 |       |     1 |       |       ||     2
   Cast: Ensorcelled Hiber |     6 |    17 |    48 |   137 |   365 |   111 ||   684
         Confusing Touch   |     1 |     1 |    10 |    43 |    61 |    71 ||   187
         Tukima's Dance    |       |       |    12 |     3 |     4 |     1 ||    20
         Dazzling Flash    |       |       |     1 |     5 |    69 |    14 ||    89
         Summon Mana Viper |       |       |       |       |    11 |     8 ||    19
 Invoke: Heavenly Storm    |       |       |       |       |     1 |       ||     1
Ability: Lunge             |       |       |    31 |    69 |   114 |    47 ||   261
         Whirlwind         |       |       |    10 |    21 |    71 |    42 ||   144
  Evoke: Wand              |       |       |       |     5 |       |     6 ||    11
         Sack of spiders   |       |       |       |       |     1 |     1 ||     2
         Phial of floods   |       |       |       |       |       |     2 ||     2
    Use: Scroll            |     4 |     3 |     9 |    10 |    10 |     8 ||    44
         Potion            |       |       |       |     1 |     1 |     4 ||     6
   Stab: Sleeping          |    12 |    20 |    54 |   115 |   252 |    70 ||   523
         Confused          |       |     1 |     7 |    29 |    51 |    54 ||   142
         Invisible         |       |       |       |     4 |    66 |    12 ||    82
         Distracted        |       |       |       |     2 |     3 |     3 ||     8
         Paralysed         |       |       |       |       |     1 |       ||     1
 Armour: Robe              |    75 |    41 |    40 |       |       |       ||   156
         Leather armour    |       |       |    64 |   271 |   539 |   379 ||  1253
  Dodge: Dodged            |    83 |    67 |   198 |   476 |   965 |   533 ||  2322
  Block: Buckler           |       |       |       |       |   336 |   284 ||   620
         Reflection        |       |       |       |       |    25 |     3 ||    28

Table legend: (Time is in decaauts)
 A = Elapsed time spent in this place.
 B = Non-inter-level travel time spent in this place.
 C = Inter-level travel time spent in this place.
 D = Time resting spent in this place.
 E = Time spent auto-exploring this place.
 F = Levels seen in this place.
 G = Mean time per level.
                   A        B        C        D        E       F      G
               +--------+--------+--------+--------+--------+-----+--------+
         Total |  35269 |  32382 |   2887 |   7726 |  16054 |  29 | 1216.2 |
       Dungeon |  16259 |  14474 |   1785 |   1917 |   9446 |  15 | 1083.9 |
        Temple |     40 |      1 |     39 |      0 |      0 |   1 |   40.0 |
          Lair |  10863 |  10039 |    824 |   2284 |   5045 |   5 | 2172.6 |
   Spider Nest |   2116 |   2033 |     83 |    769 |    470 |   3 |  705.3 |
  Orcish Mines |   1866 |   1711 |    155 |    295 |    656 |   2 |  933.0 |
      Ice Cave |   3181 |   3181 |      0 |   2104 |    281 |   1 | 3181.0 |
       Volcano |    499 |    499 |      0 |    285 |      0 |   1 |  499.0 |
      Gauntlet |    442 |    442 |      0 |     72 |    155 |   1 |  442.0 |
               +--------+--------+--------+--------+--------+-----+--------+

Top non-repeatable levels by time:
  Lair:5: 3310 daAuts
   IceCv: 3181 daAuts
  Lair:2: 3157 daAuts
     D:9: 2186 daAuts
  Lair:3: 1946 daAuts
    D:11: 1790 daAuts
  Lair:4: 1530 daAuts
     D:3: 1354 daAuts
   Orc:2: 1243 daAuts
     D:6: 1208 daAuts
     D:8: 1087 daAuts
     D:1: 1074 daAuts
    D:10: 1073 daAuts
     D:4: 1057 daAuts
Spider:2: 941 daAuts
